 Dungeon Crawl Stone Soup version 0.28.0-62-gf88900778d (webtiles) character file.

Game seed: 3713426384030825328

5828 cbfl8 the Spear-Bearer (level 10, 0/135 HPs)
             Began as a Minotaur Berserker on Aug 22, 2023.
             Was an Elder of Trog.
             Succumbed to a green ugly thing's poison
             ... on level 8 of the Dungeon.
             The game lasted 00:08:36 (7642 turns).

cbfl8 the Spear-Bearer (Minotaur Berserker)         Turns: 7642, Time: 00:08:37

Health: 0/135      AC:  9    Str: 22    XL:     10   Next: 51%
Magic:  9/9        EV:  5    Int:  4    God:    Trog [****..]
Gold:   414        SH: 14    Dex: 14    Spells: 9/9 levels left

rFire   . . .      SeeInvis +   a - +0 spear (venom)
rCold   . . .      Faith    .   o - +0 tower shield
rNeg    . . .      Spirit   .   r - +0 chain mail
rPois   .          Reflect  .   (helmet restricted)
rElec   .          Harm     .   (no cloak)
rCorr   .          Rampage  .   E - +0 pair of gloves
Will    .....                   t - +0 pair of boots
Stlth   ..........              k - amulet of regeneration
HPRegen 1.12/turn               q - +4 ring of protection
MPRegen 0.11/turn               x - ring of see invisible

@: berserking, lethally poisoned (0 -> -31), corroded, very quick
A: horns 2, retaliatory headbutt
a: Renounce Religion, Berserk, Trog's Hand, Brothers in Arms


You were on level 8 of the Dungeon.
You worshipped Trog.
Trog was greatly pleased with you.
You visited 1 branch of the dungeon, and saw 9 of its levels.

You collected 414 gold pieces.

Inventory:

Hand Weapons
 a - a +0 spear of venom (weapon)
 u - a +0 trident
Armour
 o - a +0 tower shield (worn)
 r - a +0 chain mail (worn)
 t - a +0 pair of boots (worn)
 E - a +0 pair of gloves (worn)
Jewellery
 k - an amulet of regeneration (around neck)
 q - a +4 ring of protection (left hand)
 x - a ring of see invisible (right hand)
Wands
 y - a wand of iceblast (20)
 A - a wand of paralysis (9)
 B - a wand of digging (9)
Scrolls
 e - 3 scrolls of identify {unknown}
 g - a scroll of torment {unknown}
 l - 2 scrolls of summoning {unknown}
 m - 2 scrolls of teleportation
 p - a scroll of enchant weapon {unknown}
 s - 2 scrolls of amnesia {unknown}
 v - 3 scrolls of blinking {unknown}
 D - a scroll of magic mapping {unknown}
Potions
 b - 3 potions of curing {unknown}
 c - a potion of lignification {unknown}
 d - 3 potions of berserk rage {unknown}
 f - a potion of cancellation {unknown}
 h - 2 potions of brilliance {unknown}
 i - 2 potions of might {unknown}
 j - 2 potions of mutation {unknown}
 n - a potion of heal wounds {unknown}
 w - a potion of magic {unknown}
 z - a potion of resistance {unknown}
 C - a potion of flight {unknown}


   Skills:
 + Level 8.7 Fighting
 + Level 11.4 Polearms
 + Level 8.3 Armour
 - Level 2.1 Dodging
 - Level 2.0 Stealth
 + Level 5.4 Shields
 * Level 6.6 Evocations


You had 9 spell levels left.
You didn't know any spells.
Your spell library was empty.

Dungeon Overview and Level Annotations

Branches:
Dungeon (9/15)             Temple (0/1) D:4
   Lair: D:8-11         Orc: D:9-12

Altars:
Elyvilon
Makhleb
Trog
Zin

Shops:
D:1 =   D:7 [   D:8 [

Portals:
Abyss: D:5

Annotations:
D:5 2 transporters, imTrash's ghost, amateur MiBe


Innate Abilities, Weirdness & Mutations

You have a pair of horns on your head.
You reflexively headbutt those who attack you in melee.


Message History

You hit the green ugly thing.
The green ugly thing is heavily wounded.
You feel sick. The green ugly thing kicks you.
* * * LOW HITPOINT WARNING * * *
You hit the green ugly thing.
The green ugly thing looks even sicker.
The green ugly thing is heavily wounded.
You feel sick.
You hit the green ugly thing. You headbutt the green ugly thing!
The green ugly thing is heavily wounded.
The green ugly thing kicks you.
* * * LOW HITPOINT WARNING * * *
You are more poisoned.
The green ugly thing poisons you!
You hit the green ugly thing but do no damage.
You headbutt the green ugly thing!!
The green ugly thing is almost dead.
You feel very sick. The green ugly thing kicks you.
* * * LOW HITPOINT WARNING * * *
You are lethally poisoned!
The green ugly thing poisons you!
You hit the green ugly thing.
The green ugly thing is almost dead.
* * * LOW HITPOINT WARNING * * *
You feel extremely sick.
Unknown command.
You hit the green ugly thing but do no damage.
Your headbutt misses the green ugly thing.
The green ugly thing is almost dead.
* * * LOW HITPOINT WARNING * * *
You feel extremely sick.
You block the green ugly thing's attack.
Unknown command.
You hit the green ugly thing.
You kill the green ugly thing!
Trog accepts your kill.
* * * LOW HITPOINT WARNING * * *
You feel very sick.
You are too berserk!
You die...

).....# ##.# ......# #.####
......# #....## .....##
####..#########
......##########:.......<.#
..............##..........#
......####.#'#..........(.#
..?...# #.+∩'.#†.........#
......# ###+#.#@.........#
.....## #...#..........#
....## ################
#####


There were no monsters in sight!

Vanquished Creatures
  A two-headed ogre (D:6)
  Pikel (D:6)
  An ugly thing (D:8)
  Maggie (D:6)
  A kobold demonologist (D:9)
  Grinder (D:3)
  2 wyverns
  5 yaks (D:8)
  Sigmund (D:3)
  Menkaure (D:6)
  Duvessa (D:4)
  2 water moccasins
  2 ice beasts (D:8)
  3 ogres
  A necrophage (D:5)
  A lemure (D:6)
  A kobold brigand (D:8)
  A phantom (D:6)
  2 bullfrogs
  Blork the orc (D:5)
  A wyvern zombie (D:7)
  4 scorpions
  A water moccasin zombie (D:7)
  A water moccasin skeleton (D:7)
  Dowan (D:4)
  2 bullfrog zombies
  2 centaur zombies (D:8)
  2 orc priests (D:4)
  A hound (D:5)
  3 jellies
  3 centaur skeletons
  2 iguanas
  4 orc wizards
  A killer bee zombie (D:6)
  6 adders
  A shadow imp (D:6)
  2 white imps
  6 worms
  15 orcs
  An endoplasm (D:3)
  4 giant cockroaches
  6 goblins
  7 hobgoblins
  10 jackals
  3 quokkas
  4 ball pythons
  8 bats
  2 frilled lizards
  18 kobolds
  6 rats
  A spectral goblin (D:1)
158 creatures vanquished.

Notes
Turn   | Place    | Note
-------+----------+-------------------------------------------
     0 | D:1      | cbfl8 the Minotaur Berserker began the quest for the Orb.
     0 | D:1      | Reached XP level 1. HP: 19/19 MP: 0/0
    85 | D:1      | Reached XP level 2. HP: 6/27 MP: 1/1
   331 | D:1      | Found Fuplaw's One-of-a-Kind Rings.
   374 | D:1      | Reached skill level 4 in Polearms
   695 | D:1      | Reached XP level 3. HP: 33/33 MP: 2/2
   850 | D:1      | Found a faded altar of an unknown god.
  1180 | D:2      | Reached skill level 1 in Evocations
  1384 | D:2      | Reached ** piety under Trog
  1441 | D:2      | Reached XP level 4. HP: 41/41 MP: 3/3
  1984 | D:3      | Noticed Sigmund
  1993 | D:3      | Killed Sigmund
  1994 | D:3      | Reached skill level 5 in Fighting
  1994 | D:3      | Reached skill level 5 in Polearms
  1994 | D:3      | Reached XP level 5. HP: 48/48 MP: 4/4
  2039 | D:3      | Noticed Grinder
  2040 | D:3      | Paralysed by Grinder for 6 turns
  2053 | D:3      | Killed Grinder
  2054 | D:3      | Reached skill level 6 in Polearms
  2054 | D:3      | Reached XP level 6. HP: 54/57 MP: 5/5
  2536 | D:3      | Found a white marble altar of Elyvilon.
  2871 | D:4      | You fall into a shaft and drop 2 floors!
  2871 | D:6      | Noticed a wyvern
  2875 | D:6      | Killed a wyvern
  2876 | D:6      | Reached XP level 7. HP: 59/62 MP: 6/6
  2967 | D:6      | Reached skill level 7 in Polearms
  3114 | D:6      | Reached skill level 1 in Stealth
  3140 | D:6      | Noticed Maggie
  3210 | D:6      | Killed Maggie
  3211 | D:6      | Reached skill level 8 in Polearms
  3211 | D:6      | Reached XP level 8. HP: 47/71 MP: 7/7
  3272 | D:6      | Noticed Pikel
  3307 | D:6      | Killed Pikel
  3308 | D:6      | Reached skill level 5 in Armour
  3404 | D:5      | Entered Level 5 of the Dungeon
  3568 | D:4      | Found a glowing silver altar of Zin.
  3627 | D:4      | Reached skill level 9 in Polearms
  3987 | D:4      | Noticed Dowan
  3988 | D:4      | Noticed Duvessa
  3994 | D:4      | Killed Dowan
  4002 | D:4      | Killed Duvessa
  4003 | D:4      | Reached XP level 9. HP: 79/79 MP: 8/8
  4005 | D:4      | Found a staircase to the Ecumenical Temple.
  4580 | D:4      | Reached *** piety under Trog
  5133 | D:5      | Reached skill level 10 in Polearms
  5133 | D:5      | Reached skill level 1 in Shields
  5133 | D:5      | Reached skill level 5 in Evocations
  5164 | D:5      | Found a transporter.
  5172 | D:5      | Found a transporter.
  5173 | D:5      | Found a one-way gate to the infinite horrors of the Abyss.
  5173 | D:5      | Noticed imTrash's ghost (amateur MiBe)
  5630 | D:5      | Noticed Blork the orc
  5634 | D:5      | Killed Blork the orc
  5978 | D:6      | Noticed Menkaure
  5986 | D:6      | Killed Menkaure
  6049 | D:6      | Noticed a two-headed ogre
  6057 | D:6      | Killed a two-headed ogre
  6638 | D:7      | Reached skill level 11 in Polearms
  6658 | D:7      | Reached XP level 10. HP: 84/88 MP: 9/9
  6846 | D:7      | Found a bloodstained altar of Trog.
  6846 | D:7      | Found a burning altar of Makhleb.
  6986 | D:7      | Found Oqog's Antique Armour Boutique.
  7308 | D:8      | Found Acogimo's Antique Armour Boutique.
  7503 | D:8      | Reached **** piety under Trog
  7569 | D:9      | Noticed a rust devil
  7575 | D:9      | Reached skill level 5 in Shields
  7614 | D:9      | Noticed a green ugly thing
  7641 | D:8      | Killed a green ugly thing
  7641 | D:8      | HP: 6/135 [poisoned by a green ugly thing]
  7642 | D:8      | Succumbed to a green ugly thing's poison

Illustrated notes

Levels and vault maps discovered:
D:1:      tarquinn_simple_flora_water_d, layout_rooms,
          dreamdust_ecumenical_altar_drowned_temple, kennysheep_crisscross,
          nicolae_shop_unique_rings
D:2:      layout_loops_ring
D:3:      layout_basic, mainiacjoe_overflow_small_starburst, uniq_sigmund,
          uniq_grinder
D:4:      layout_basic, mainiacjoe_overflow_brackets, minmay_temple_entry_tees,
          minmay_vboxes, uniq_duvessa
D:5:      layout_basic, gammafunk_ghost_abyssal_escape, uniq_blork_the_orc
D:6:      layout_layer_cave, uniq_pikel, uniq_menkaure, uniq_maggie
D:7:      layout_rooms, gammafunk_temple_overflow_elements, serial_shops,
          nicolae_square_shop
D:8:      layout_rooms, serial_shops, kennysheep_mini
D:9:      layout_rooms, st_stairs_11, minivault_16, hangedman_ranch

Skill      XL: |  1  2  3  4  5  6  7  8  9 10 |
---------------+-------------------------------+-----
Fighting       | 4 5 6 7 8 |  8.7
Polearms       | 4 5 6 8 9 11 | 11.4
Evocations     | 1 2 3 4 6 |  6.6
Armour         | 3 4 6 7 8 |  8.3
Stealth        | 1 2 |  2.0
Shields        | 3 5 |  5.4
Dodging        | |  2.1

Action                   |  1- 3 |  4- 6 |  7- 9 | 10-12 || total
-------------------------+-------+-------+-------+-------++-------
Melee: Spear             |   103 |    60 |   331 |   120 ||   614
       Headbutt          |    10 |    15 |    65 |    39 ||   129
       Punch             |       |     1 |     1 |       ||     2
Invok: Berserk           |     1 |     3 |     5 |     2 ||    11
  Use: Scroll            |       |     3 |     3 |       ||     6
 Stab: Sleeping          |       |       |     2 |       ||     2
Armor: Animal skin       |     9 |       |       |       ||     9
       Ring mail         |     5 |    14 |     4 |       ||    23
       Steam dragon scal |       |       |    24 |       ||    24
       Chain mail        |       |       |    55 |    36 ||    91
Dodge: Dodged            |    56 |    12 |    61 |    13 ||   142
Block: Tower shield      |       |       |    79 |    55 ||   134
